 Dungeon Crawl Stone Soup version 0.27-a0-1220-g54dba09ff7 (webtiles) character file.

Game seed: 9873728478416297622

11 HAL9000 the Sneak (level 2, 0/15 HPs)
             Began as a Vine Stalker Brigand on June 7, 2021.
             Slain by a jackal (1 damage)
             ... on level 1 of the Dungeon.
             The game lasted 00:02:27 (380 turns).

HAL9000 the Sneak (Vine Stalker Brigand)             Turns: 380, Time: 00:02:28

Health: 0/15       AC:  3    Str: 13    XL:     2   Next: 25%
Magic:  0/5        EV: 11    Int: 11    God:
Gold:   21         SH:  0    Dex: 15    Spells: 4/4 levels left

rFire    . . .     SeeInvis .   a - +2 dagger
rCold    . . .     Faith    .   (no shield)
rNeg     . . .     Spirit   +   b - +0 robe
rPois    .         Reflect  .   (no helmet)
rElec    .         Harm     .   c - +0 cloak
rCorr    .         Rampage  .   (no gloves)
Will     .....                  (no boots)
Stlth    +++.......             (no amulet)
HPRegen  0.05/turn              (no ring)
MPRegen  0.09/turn              (no ring)

@: no status effects
A: fangs 2, magic shield, antimagic bite, no potion heal 2
a: no special abilities


You were on level 1 of the Dungeon.
You visited 1 branch of the dungeon, and saw 1 of its levels.

You collected 21 gold pieces.

Inventory:

Hand Weapons
 a - a +2 dagger (weapon)
Missiles
 d - 8 poisoned darts (quivered)
 e - 2 curare-tipped darts
Armour
 b - a +0 robe (worn)
 c - a +0 cloak (worn)
Scrolls
 f - a scroll of noise {unknown}


   Skills:
 - Level 1.7 Fighting
 - Level 1.7 Short Blades
 - Level 1.7 Throwing
 - Level 0.7 Dodging
 - Level 4.8 Stealth
 + Level 1.8 Spellcasting


You had 4 spell levels left.
You didn't know any spells.
Your spell library contained the following spells:

 Spells                   Type           Power      Damage    Failure   Level
 Corona                   Hex            1%         N/A       30%         1
 Ensorcelled Hibernation  Hex/Ice        2%         N/A       41%         2
 Confusing Touch          Hex            1%         N/A       65%         3
 Dazzling Flash           Conj/Hex       2%         N/A       65%         3
 Tukima's Dance           Hex            1%         N/A       65%         3


Dungeon Overview and Level Annotations

Branches:
Dungeon (1/15)

Altars:


Innate Abilities, Weirdness & Mutations

You have extremely sharp teeth.
When hurt, damage is shared between your health and your magic reserves.
Your bite disrupts and absorbs the magic of your enemies.
Potions cannot restore your health.


Message History

The jackal barely misses you.
You closely miss the jackal.
The jackal bites you but does no damage.
You barely miss the jackal. You bite the jackal. You drain its power.
You feel invigorated.
The jackal is heavily wounded.
The jackal bites you.
You hit the jackal. Your bite misses the jackal.
The jackal is almost dead.
The jackal bites you.
* * * LOW HITPOINT WARNING * * *
You hit the jackal.
You kill the jackal!
You barely miss the jackal. Your bite misses the jackal. The jackal bites you.
You hit the jackal but do no damage. The jackal closely misses you.
The jackal bites you.
* * * LOW HITPOINT WARNING * * *
You completely miss the jackal. You bite the jackal, but do no damage.
The jackal barely misses you. The jackal misses you.
The jackal barely misses you. The jackal barely misses you.
You closely miss the jackal. The jackal completely misses you.
You closely miss the jackal. The jackal bites you.
The jackal bites you but does no damage.
You barely miss the jackal.
The jackal bites you but does no damage.
You closely miss the jackal. The jackal barely misses you.
You closely miss the jackal. Your bite misses the jackal. The jackal bites you.
* * * LOW HITPOINT WARNING * * *
You are too injured to fight recklessly!
Unknown command.
You are too injured to fight recklessly!
Okay, then.
Okay, then.
Okay, then.
The jackal bites you but does no damage.
Unknown command.
You hit the jackal but do no damage. The jackal bites you.
You die...

########### #.........#
#.........# ########
#####.........# #.......
#.............# #.......
#########.###.........####.......
.................)............†..
.....####.###.############.###.##
.....'†...# #.hh@.......##.#.#...
.....###### ###########.#..#.....
.....# #.#.##.#### #.####...
######.#......## ..h......
..........(..#### #.####...
###...#.......# # #.#
#########.#.# # ..# ..≈° #.....#
#...# .≈≈○○ ###.#.#


You could see 2 jackals.

Vanquished Creatures
  A dart slug (D:1)
  A bat (D:1)
  A goblin (D:1)
  A hobgoblin (D:1)
  2 jackals (D:1)
  A ball python (D:1)
  A rat (D:1)
8 creatures vanquished.

Notes
Turn   | Place    | Note
-------+----------+-------------------------------------------
     0 | D:1      | HAL9000 the Vine Stalker Brigand began the quest for the
                  | Orb.
     0 | D:1      | Reached XP level 1. HP: 11/11 MP: 2/2
   199 | D:1      | Reached skill level 1 in Spellcasting
   295 | D:1      | Reached XP level 2. HP: 15/15 MP: 3/5
   380 | D:1      | Slain by a jackal

Illustrated notes

Levels and vault maps discovered:
D:1:      shiori_arrival_elements, layout_basic

Skill      XL: |  1 |
---------------+----+-----
Spellcasting   | 1 |  1.8
Fighting       | |  1.7
Short Blades   | |  1.7
Throwing       | |  1.7
Dodging        | |  0.7
Stealth        | |  4.8

Action                   || total
-------------------------++-------
Melee: Dagger            ||    36
       Bite              ||     6
 Stab: Sleeping          ||     2
Armor: Robe              ||    13
Dodge: Dodged            ||    22

Table legend: (Time is in decaauts)
 A = Elapsed time spent in this place.
 B = Non-inter-level travel time spent in this place.
 C = Inter-level travel time spent in this place.
 D = Time resting spent in this place.
 E = Time spent auto-exploring this place.
 F = Levels seen in this place.
 G = Mean time per level.
                   A        B        C        D        E       F      G
               +--------+--------+--------+--------+--------+-----+--------+
         Total |    377 |    377 |      0 |    100 |    148 |   1 |  377.0 |
       Dungeon |    377 |    377 |      0 |    100 |    148 |   1 |  377.0 |
               +--------+--------+--------+--------+--------+-----+--------+

Top non-repeatable levels by time:
     D:1: 377 daAuts
